Map: Terraform LE (Void)

Players

NoRegreT - Winner!

  • Race: Zerg Zerg
  • League: Grandmaster

yupWildCard

  • Race: Zerg Zerg
  • League: Diamond

Event: ASL Season 5 Prime League LOTV Beta

VOD

Have the link to the VOD?

Description

Time

  • Played on: Sept. 8, 2015, 8:27 p.m.
  • Length: 12:20

All games in this series

Show
View Real Time Build Order
Export as new Build Order

NoRegreT Zerg - Winner!

Build Orders: Pool First, Zergling Baneling 

Get SALT Encoding   

  12  0:02  Drone  
  13  0:09  Drone  
  14  0:18  Drone, Extractor  
  14  0:32  Spawning Pool  
  13  0:36  Drone  
  14  0:45  Drone, Extractor  
  15  0:51  Overlord  
  15  1:19  Zergling x6  
  15  1:20  Queen  
  15  1:24  Metabolic Boost  
  20  1:34  Zergling x2  
  21  1:44  Baneling Nest  
  21  1:45  Zergling x2  
  21  1:53  Zergling x2  
  22  2:05  Overlord  
  22  2:21  Hatchery  
  21  2:24  Zergling x2  
  21  2:30  Baneling  
  21  2:32  Zergling x2  
  21  2:40  Zergling x2  
  21  2:41  Zergling x2  
  22  2:53  Zergling x4  
  22  2:56  Baneling x2  
  24  2:59  Zergling x2  
  24  3:02  Baneling  
  25  3:13  Zergling x4  
  23  3:22  Zergling x2  
  23  3:24  Zergling x2  
  23  3:39  Zergling x4  
  23  3:40  Zergling x4  
  24  3:44  Zergling x2  
  25  3:49  Zergling x2  
  25  4:00  Zergling x4  
  25  4:02  Zergling x2  
  27  4:05  Drone  
  28  4:11  Baneling  
  28  4:20  Zergling x4  
  25  4:25  Baneling x3  
  25  4:32  Zergling x4  
  25  4:37  Zergling x2  
  28  4:39  Baneling  
  27  4:48  Zergling x4  
  25  4:56  Zergling x4  
  21  5:02  Zergling x2  
  21  5:05  Baneling  
  21  5:06  Baneling  
  21  5:10  Zergling x2  
  21  5:13  Zergling x2  
  23  5:16  Baneling  
  23  5:32  Zergling x6  
  23  5:33  Zergling x2  
  27  5:40  Zergling x4  
  29  5:45  Drone  
  30  5:51  Zergling x2  
  30  5:53  Zergling x2  
  32  6:10  Baneling x2  
  33  6:11  Zergling x4  
  33  6:19  Drone x2  
  33  6:20  Drone  
  36  6:26  Baneling x2  
  36  6:27  Baneling x2  
  31  6:53  Zergling x6  
  29  7:05  Drone x3  
  29  7:07  Zergling x6  
  33  7:08  Roach Warren  
  33  7:09  Zergling x2  
  33  7:12  Drone  
  33  7:13  Drone  
  33  7:15  Baneling x2  
  32  7:17  Drone  
  32  7:21  Drone  
  34  7:25  Drone  
  35  7:31  Zergling x2  
  36  7:37  Overlord  
  35  7:46  Zergling x2  
  35  7:50  Zergling x2  
  35  7:51  Zergling x6  
  29  8:13  Roach x5  
  29  8:15  Baneling x2  
  37  8:22  Drone, Roach  
  40  8:30  Drone  
  40  8:31  Drone  
  41  8:34  Queen  
  41  8:41  Baneling x2  
  43  8:46  Overlord  
  43  9:02  Extractor  
  42  9:04  Drone x2  
  42  9:05  Drone x4  
  48  9:10  Queen  
  48  9:15  Baneling x2  
  50  9:18  Drone x2  
  52  9:27  Overlord  
  52  9:29  Lair, Extractor  
  52  9:30  Drone  
  52  9:38  Evolution Chamber  
  52  9:39  Drone  
  52  9:40  Evolution Chamber  
  52  9:41  Drone  
  52  9:48  Drone x2  
  52  9:49  Drone x2  
  56  9:56  Drone  
  56  9:59  Drone  
  57  10:09  Drone x2  
  57  10:11  Zerg Missile Weapons Level 1, Zerg Ground Armor Level 1  
  59  10:22  Hatchery  
  59  10:26  Drone  
  59  10:27  Drone  
  60  10:28  Glial Reconstitution  
  60  10:32  Overlord  
  60  10:39  Overlord  
  58  10:53  Roach x4  
  66  10:58  Roach x4  
  66  11:01  Overlord  
  74  11:06  Overlord  
  74  11:11  Ravager  
  74  11:13  Overlord  
  74  11:17  Overlord  
  75  11:20  Roach  
  75  11:21  Ravager x2  
  75  11:23  Roach x2  
  75  11:25  Roach  
  85  11:29  Zergling x6  
  85  11:30  Zergling x4  
  85  11:42  Roach x3  
  85  11:45  Roach  
  84  11:54  Roach x3  
Show
View Real Time Build Order
Export as new Build Order

yupWildCard Zerg 

Build Orders: Hatch First 

Get SALT Encoding   

  12  0:00  Drone  
  13  0:07  Drone  
  14  0:16  Overlord  
  14  0:21  Extractor  
  14  0:22  Drone  
  15  0:34  Drone  
  15  0:35  Drone  
  17  0:51  Hatchery  
  17  0:54  Drone  
  17  0:56  Extractor  
  16  0:59  Drone  
  17  1:13  Spawning Pool  
  17  1:16  Drone  
  17  1:22  Drone  
  18  1:28  Drone  
  19  1:37  Overlord  
  19  2:00  Queen  
  19  2:01  Spine Crawler, Zergling x2  
  20  2:02  Zergling x2  
  20  2:06  Queen  
  20  2:08  Zergling x2  
  25  2:12  Zergling x2  
  26  2:16  Zergling x2  
  27  2:29  Zergling x4  
  24  2:53  Queen  
  24  2:55  Metabolic Boost, Zergling x10  
  31  3:02  Zergling x2  
  32  3:08  Zergling x2  
  32  3:09  Zergling x6  
  29  3:21  Zergling x6  
  29  3:22  Zergling x2  
  29  3:23  Zergling x2  
  33  3:37  Zergling x4  
  32  3:42  Zergling x4  
  33  3:52  Zergling x4  
  34  4:00  Queen  
  34  4:01  Overlord  
  34  4:02  Zergling x2  
  35  4:08  Overlord  
  32  4:35  Zergling x18  
  38  4:41  Spine Crawler  
  37  4:47  Zergling x4  
  34  4:53  Spine Crawler  
  34  4:56  Evolution Chamber  
  24  5:05  Zergling x6  
  27  5:13  Queen  
  28  5:31  Drone  
  28  5:32  Drone x2  
  28  5:33  Queen  
  31  6:07  Zergling x2  
  31  6:08  Zergling x10  
  36  6:20  Queen  
  36  6:21  Drone x4  
  36  6:22  Overlord  
  42  6:38  Zergling x2  
  42  6:40  Zergling x8  
  31  7:06  Zergling x2  
  31  7:07  Zergling x8  
  30  7:21  Drone, Baneling Nest  
  30  7:24  Drone  
  31  7:30  Drone  
  31  7:31  Drone  
  31  7:34  Drone  
  29  7:51  Zergling x10  
  29  7:55  Zergling x2  
  31  8:08  Zergling x10  
  35  8:33  Drone x5  
  40  8:42  Zergling x2  
  40  8:43  Baneling x4  
  41  8:50  Drone  
  41  8:54  Roach Warren  
  41  8:57  Drone  
  41  8:58  Drone  
  42  9:03  Drone x2  
  44  9:18  Extractor  
  44  9:19  Overlord  
  43  9:35  Drone x5  
  43  9:36  Extractor  
  47  9:40  Spine Crawler  
  46  9:54  Roach x5  
  46  9:56  Overlord  
  56  10:13  Roach x4  
  68  10:21  Roach x2  
  68  10:22  Roach  
  68  10:25  Roach  
  69  10:51  Roach  
  69  10:52  Roach x2  
  69  10:53  Overlord x3  
  75  11:06  Lair  
  75  11:12  Zergling x12  
  81  11:18  Baneling x5  
  81  11:19  Baneling x3  
  81  11:22  Zergling x2  
  81  11:23  Zergling x2  
  72  11:53  Roach x3, Zergling x2  
Tags
 
Add a new tag
Caveats
  • Supply blocks, unpowered buildings, or Contaminate may cause inaccurate times.
  • Supply counts are checked every 10 seconds.